 Dungeon Crawl Stone Soup version 0.30-a0-4-ga7cffc901d (webtiles) character file.

Game seed: 1307885781845916672

100972 Flugkiller the Severer (level 15, -20/143 HPs)
             Began as a Minotaur Fighter on Aug 22, 2022.
             Was the Champion of Qazlal.
             Demolished by a radroach (25 damage)
             ... on level 3 of the Lair of Beasts.
             The game lasted 00:17:04 (28171 turns).

Flugkiller the Severer (Minotaur Fighter)          Turns: 28171, Time: 00:17:05

Health: -20/143    AC: 32    Str: 21      XL:     15   Next: 82%
Magic:  7/23       EV:  9    Int:  4 (5)  God:    Qazlal [******]
Gold:   2292       SH: 22    Dex: 17      Spells: 14/14 levels left

rFire   + . .      SeeInvis .    y - +6 broad axe (flame)
rCold   + . .      Faith    .    k - +2 buckler {rC+}
rNeg    . . .      Spirit   .    m - +1 plate armour {Will+}
rPois   +          Reflect  +    (helmet restricted)
rElec   .          Harm     .    (no cloak)
rCorr   .          Rampage  .    D - +2 pair of gloves
Will    ++...                    K - +2 pair of boots
Stlth   ..........               A - amulet of reflection
HPRegen 0.33/turn                l - +4 ring of protection
MPRegen 0.18/turn                b - ring of Wipnynku {rPois rF+}

@: protected from physical damage, repel missiles
A: horns 2, retaliatory headbutt
a: Renounce Religion, Upheaval, Elemental Force, Disaster Area


You were on level 3 of the Lair of Beasts.
You worshipped Qazlal.
Qazlal was exalted by your worship.
You visited 5 branches of the dungeon, and saw 24 of its levels.
You also visited: Sewer, Ossuary and Ice Cave.

You collected 3256 gold pieces.
You spent 964 gold pieces at shops.

Inventory:

Hand Weapons
 y - a +6 broad axe of flaming (weapon)
   (You found it in a sewer)
Missiles
 n - 2 throwing nets (quivered)
Armour
 k - a +2 buckler of cold resistance (worn)
   (You found it in an ice cave)
 m - a +1 plate armour of willpower (worn)
   (You bought it in a shop on level 2 of the Orcish Mines)
 D - a +2 pair of gloves (worn)
   (You found it on level 5 of the Dungeon)
 I - a +0 kite shield
   (You found it on level 7 of the Dungeon)
 K - a +2 pair of boots (worn)
   (You found it on level 1 of the Lair of Beasts)
 P - a +1 plate armour of fire resistance
   (You found it on level 14 of the Dungeon)
Jewellery
 b - the ring of Wipnynku (right hand) {rPois rF+}
   (You acquired it on level 7 of the Dungeon)

   [ring of protection from fire]

   rF:        It protects you from fire.
   rPois:     It protects you from poison.
 c - a ring of protection from cold
   (You found it on level 3 of the Dungeon)
 l - a +4 ring of protection (left hand)
   (You found it in an ice cave)
 o - a ring of poison resistance
   (You found it on level 3 of the Lair of Beasts)
 p - a +4 ring of protection
   (You took it off a centaur warrior on level 14 of the Dungeon)
 v - a +4 ring of evasion
   (You found it on level 1 of the Dungeon)
 A - an amulet of reflection (around neck)
   (You found it in a sewer)
 F - the ring "Feemmon" {rCorr Slay+2}
   (You took it off a centaur warrior on level 14 of the Dungeon)

   [ring of resist corrosion]

   Slay:      It affects your accuracy & damage with ranged weapons and melee
   (+2).
   rCorr:     It protects you from acid and corrosion.
 J - an amulet of the acrobat
   (You found it on level 8 of the Dungeon)
Wands
 g - a wand of digging (8)
   (You found it on level 5 of the Lair of Beasts)
 u - a wand of paralysis (33)
   (You found it on level 4 of the Dungeon)
 L - a wand of roots (10)
   (You found it on level 9 of the Dungeon)
Scrolls
 a - 5 scrolls of vulnerability
 e - a scroll of poison
 i - 7 scrolls of immolation
 j - 2 scrolls of silence
 r - a scroll of identify
 t - 14 scrolls of teleportation
 B - 7 scrolls of butterflies
 C - 2 scrolls of brand weapon
 E - a scroll of summoning
Potions
 d - 8 potions of might
 f - a potion of cancellation
 h - 4 potions of haste
 q - 6 potions of curing
 w - 2 potions of heal wounds
 x - 4 potions of magic
 z - 4 potions of flight
 G - 6 potions of mutation
 H - 13 potions of ambrosia
 M - 2 potions of lignification
 Q - a potion of resistance {unknown}
Miscellaneous
 N - a piece from Xom's chessboard (15/15)
   (You found it on level 14 of the Dungeon)
 R - a phantom mirror
   (You found it on level 15 of the Dungeon)


   Skills:
 + Level 15.8 Fighting
 - Level 18.0 Axes
 + Level 15.9 Armour
 + Level 4.9 Dodging
 + Level 11.6 Shields
 + Level 12.3 Invocations
 - Level 4.1 Evocations


You had 14 spell levels left.
You didn't know any spells.
Your spell library was empty.

Dungeon Overview and Level Annotations

Branches:
Dungeon (15/15)            Temple (1/1) D:6            Lair (5/5) D:9
 Shoals (0/4) Lair:3       Spider (1/4) Lair:3        Slime (0/5) Lair:4
    Orc (2/2) D:11            Elf (0/3) Orc:2        Vaults (0/5) D:14
 Depths (0/4) D:15          Sewer (visited)         Ossuary (visited)
  IceCv (visited)

Altars:
Ashenzari
Cheibriados
Dithmenos
Elyvilon
Fedhas
Gozag
Hepliaklqana
Kikubaaqudgha
Makhleb
Nemelex Xobeh
Okawaru
Qazlal
Ru
Sif Muna
Trog
Uskayaw
Vehumet
Wu Jian
Xom
Yredelemnul
Zin
The Shining One

Shops:
D:3 !   Orc:1 **   Orc:2 [*(!

Annotations:
D:13 1 runed translucent door
Lair:4 3 runed translucent doors, exclusion: oklob plant, Ikikoito's ghost, journeyman TrFi; Ozyhouw's ghost, journeyman GrEE


Innate Abilities, Weirdness & Mutations

You have a pair of horns on your head.
You reflexively headbutt those who attack you in melee.


Message History

The radroach claws you but does no damage.
The jumping spider pounces on you but does no damage.
The jumping spider closely misses you.
You are too confused!
Unknown command.
Unknown command.
You feel better. You block the jumping spider's attack.
The jumping spider bites you but does no damage.
You block the jumping spider's attack.
The jumping spider bites you but does no damage.
The radroach bites you but does no damage.
You block the radroach's attack.
The wolf spider is engulfed in blazing flames.
You block the wolf spider's attack.
The wolf spider bites you but does no damage.
You block the jumping spider's attack.
The jumping spider bites you but does no damage.
The jumping spider pounces on you but does no damage.
The jumping spider bites you.
* * * LOW HITPOINT WARNING * * *
Okay, then.
Okay, then.
Okay, then.
Okay, then.
You hit the radroach but do no damage. You headbutt the radroach.
The radroach is moderately wounded.
You hit the jumping spider but do no damage.
You slash the wolf spider! You burn the wolf spider.
You hit the jumping spider. You burn the jumping spider.
Your protection from physical attacks is fading.
You block the jumping spider's attack. x2
The wolf spider is engulfed in blazing flames.
The wolf spider hits you!
* * * LOW HITPOINT WARNING * * *
You block the wolf spider's attack.
The radroach bites you but does no damage.
The radroach misses you.
The jumping spider pounces on you but does no damage.
The jumping spider closely misses you.
You hit the radroach but do no damage.
You headbutt the radroach, but do no damage.
The radroach is moderately wounded.
You slash the jumping spider! You burn the jumping spider.
You hit the wolf spider. You burn the wolf spider.
You slash the jumping spider! You burn the jumping spider.
You kill the jumping spider!
Qazlal accepts your kill.
The wolf spider is engulfed in blazing flames.
You block the radroach's attack. x2
Nature churns violently around you!
The blast of ice hits the tarantella!!
The tarantella is almost dead.
The tarantella is flash-frozen.
The blast of magma engulfs the jumping spider!!
You kill the jumping spider!
Qazlal accepts your kill.
You block the tarantella's attack. x2; The radroach bites you.
* * * LOW HITPOINT WARNING * * *
You block the radroach's attack. Nature churns violently around you!
The cutting wind hits the tarantella!!
You kill the tarantella!
Qazlal accepts your kill.
The cutting wind hits the tarantella!
The tarantella is heavily wounded.
The cutting wind hits the wolf spider!!
The wolf spider is almost dead.
You hear a sizzling sound!
You are no longer corroded.
You block the wolf spider's attack.
The wolf spider bites you but does no damage.
You block the tarantella's attack.
The wolf spider hits you but does no damage.
The wolf spider bites you but does no damage.
You block the radroach's attack. The radroach claws you.
* * * LOW HITPOINT WARNING * * *
You hit the wolf spider. You burn the wolf spider.
You kill the wolf spider!
Qazlal accepts your kill.
You hit the radroach. You burn the radroach. You closely miss the tarantella.
The tarantella touches you but does no damage.
You barely miss the radroach.
The radroach is heavily wounded.
You barely miss the tarantella.
The tarantella is engulfed in blazing flames.
The tarantella touches you.
* * * LOW HITPOINT WARNING * * *
The radroach bites you!
* * * LOW HITPOINT WARNING * * *
You feel more protected from physical attacks.
You block the radroach's attack.
You slice the radroach!! You burn the radroach.
You headbutt the radroach, but do no damage.
The radroach is severely wounded.
You slash the tarantella! You burn the tarantella.
You kill the tarantella!
Qazlal accepts your kill.
The radroach erupts in a fountain of uncontrolled magic!
You are blasted with magical radiation!!
You die...

..##.....#!........##....>.......
...#..!.#.≈.[.#.#.###......#.#...
..#......#.≈.#..######......###.#
..####.#..≈..#^#^#..##.....##...#
..#..#####..≈##^^^.##......##...#
............^.^#.#..#............
...........#.^≈°###..#...........
...........#..°B##..#............
............###.@#^.^#...........
...###+...#.#.^≈☼#..####....#.###
...###....##.#≈.†#..#####....##.#
...##P.......###.^^##..##...##...
....##......#.#..##^#.###...#....
....#....P##..^.^##....##........
...##....##...........###...##...
....##...P##.....##...# #........
...###....##...[P########...#.###


You could see a radroach.

Vanquished Creatures
  Rupert (Orc:2)
  14 slime creatures
  Agnes (D:15)
  An orc warlord (Orc:2)
  A ghost moth (Spider:1)
  Nessos (Lair:5)
  A very ugly thing (D:15)
  An entropy weaver (Spider:1)
  Snorg (D:14)
  A great orb of eyes (D:15)
  An ice dragon (IceCv)
  An ogre mage (D:13)
  2 boulder beetles
  9 hydras
  A rakshasa (D:15)
  6 centaur warriors
  5 catoblepae
  2 dancing weapons (D:14)
  5 death yaks (Lair:5)
  10 two-headed ogres
  2 tengu warriors
  8 orc high priests (Orc:2)
  Lodul (D:11)
  A deep troll (D:15)
  3 orb spiders (Spider:1)
  A wizard (D:15)
  A lindwurm (Lair:5)
  A glowing shapeshifter (D:15)
  21 ugly things
  An orc sorcerer (Orc:1)
  5 wolf spiders
  5 cyclopes
  4 deep elf pyromancers
  6 manticores
  5 elephants (Lair:5)
  2 ice statues (IceCv)
  6 black mambas
  8 cane toads
  A demonic crawler (Spider:1)
  6 rime drakes
  An efreet (D:15)
  18 komodo dragons
  3 trolls
  3 meliai (D:12)
  A polar bear (Lair:5)
  A queen bee (D:12)
  A snapping turtle (Lair:3)
  5 tarantellas
  9 blink frogs (Lair:3)
  A dream sheep (Lair:5)
  7 jumping spiders
  4 culicivoras
  A shadow (D:11)
  A culicivora (shapeshifter) (D:13)
  3 vampires (D:12)
  4 wyverns
  A wyvern (shapeshifter) (D:14)
  16 yaks
  4 basilisks
  3 wraiths
  6 redbacks (Spider:1)
  Edmund (D:5)
  2 vampire mosquitoes (D:15)
  2 steam dragons
  7 wargs
  An acid dragon (D:12)
  19 water moccasins
  An ice beast (D:7)
  10 ogres
  3 black bears
  14 orc warriors
  A sky beast (D:8)
  14 wolves
  6 centaurs
  A kobold brigand (D:8)
  3 phantoms
  13 bullfrogs
  4 scorpions
  A gnoll sergeant (D:9)
  3 elf skeletons (D:7)
  4 water moccasin zombies (Ossuary)
  8 wights
  3 lindwurm simulacra (IceCv)
  29 killer bees
  9 komodo dragon simulacra (IceCv)
  4 jellies
  3 hounds
  A gnoll bouda (D:7)
  A human zombie (D:7)
  35 orc priests
  An iguana (D:4)
  Natasha (thrice) (D:3)
  21 orc wizards
  4 hell rats (Lair:5)
  A boggart simulacrum (D:14)
  2 mummies (Ossuary)
  8 gnolls
  5 acid dragon simulacra (IceCv)
  11 adders
  A white imp (D:5)
  3 ufetubi
  4 steam dragon simulacra (IceCv)
  6 adder zombies (Ossuary)
  4 dart slugs
  83 orcs
  6 endoplasms
  8 giant cockroaches
  2 gnoll zombies (Ossuary)
  6 goblins
  4 hobgoblins
  15 kobolds
  13 quokkas
  16 ball pythons
  8 bats
  10 frilled lizards
  8 hobgoblin zombies (Ossuary)
  3 kobold zombies (Ossuary)
  An orc skeleton (D:7)
  6 orc zombies
  7 rats
719 creatures vanquished.

Vanquished Creatures (others)
  A sun moth (Spider:1)
  2 tarantellas (Spider:1)
  35 fungi
  37 plants
75 creatures vanquished.

Grand Total: 794 creatures vanquished

Notes
Turn   | Place    | Note
-------+----------+-------------------------------------------
     0 | D:1      | Flugkiller the Minotaur Fighter began the quest for the
                  | Orb.
     0 | D:1      | Reached XP level 1. HP: 19/19 MP: 0/0
   175 | D:1      | Found a faded altar of an unknown god.
   232 | D:1      | Reached skill level 3 in Axes
   232 | D:1      | Reached XP level 2. HP: 12/27 MP: 1/1
   706 | D:1      | Reached XP level 3. HP: 33/33 MP: 2/2
  1280 | D:2      | Reached skill level 4 in Axes
  1470 | D:2      | Reached XP level 4. HP: 37/40 MP: 3/3
  2578 | D:3      | Found Mimaorgha's Distillery.
  2586 | D:3      | Bought a potion of curing for 30 gold pieces
  2586 | D:3      | Bought a potion of haste for 100 gold pieces
  2630 | D:3      | Noticed Natasha
  2634 | D:3      | Killed Natasha
  2652 | D:3      | Reached XP level 5. HP: 38/47 MP: 4/4
  2911 | D:3      | Noticed Natasha
  2917 | D:3      | Killed Natasha
  2918 | D:3      | Reached skill level 5 in Axes
  2956 | D:3      | Noticed Natasha
  2970 | D:3      | Killed Natasha
  3024 | D:4      | Noticed a phantom
  3034 | D:4      | Killed a phantom
  3035 | D:4      | Reached skill level 5 in Fighting
  3035 | D:4      | Reached skill level 5 in Armour
  3035 | D:4      | Reached XP level 6. HP: 51/56 MP: 5/5
  3249 | D:4      | Reached skill level 6 in Axes
  3865 | D:4      | Reached skill level 1 in Evocations
  4210 | D:5      | Entered Level 5 of the Dungeon
  4221 | D:5      | Reached XP level 7. HP: 61/61 MP: 6/6
  4241 | D:5      | Found a glowing drain.
  4251 | Sewer    | Entered a sewer
  4452 | Sewer    | Reached skill level 7 in Axes
  4698 | D:5      | Noticed Edmund
  4710 | D:5      | Killed Edmund
  5133 | D:5      | Found a hazy altar of Hepliaklqana.
  5162 | D:5      | Reached XP level 8. HP: 70/70 MP: 7/7
  5215 | D:5      | Reached skill level 8 in Axes
  5590 | D:6      | Found a staircase to the Ecumenical Temple.
  5607 | Temple   | Entered the Ecumenical Temple
  5715 | Temple   | Became a worshipper of Qazlal Stormbringer
  6040 | D:6      | Reached skill level 1 in Invocations
  6411 | D:6      | Reached skill level 9 in Axes
  6574 | D:7      | Found a sand-covered staircase.
  6587 | Ossuary  | Entered an ossuary
  6647 | Ossuary  | Reached XP level 9. HP: 79/79 MP: 9/9
  6665 | Ossuary  | Reached * piety under Qazlal
  6823 | D:7      | Identified a scroll of acquirement
  6824 | D:7      | Acquired the ring of Wipnynku {rPois rF+}
  7023 | D:7      | Reached ** piety under Qazlal
  7395 | D:7      | Found a shimmering blue altar of Sif Muna.
  7433 | D:7      | Reached skill level 10 in Axes
  8308 | D:9      | Found a broken altar of Ashenzari.
  8487 | D:9      | Reached skill level 11 in Axes
  8574 | D:9      | Noticed a two-headed ogre
  8603 | D:9      | Killed a two-headed ogre
  8604 | D:9      | Reached XP level 10. HP: 19/90 MP: 2/12
  8915 | D:9      | Found a shadowy altar of Dithmenos.
  8918 | D:9      | Noticed a two-headed ogre
  8925 | D:9      | Killed a two-headed ogre
  8931 | D:9      | Reached skill level 12 in Axes
  9099 | D:9      | Found a staircase to the Lair.
  9396 | D:10     | Entered Level 10 of the Dungeon
  9404 | D:10     | Reached skill level 5 in Invocations
  9661 | D:10     | Noticed a two-headed ogre
  9669 | D:10     | Killed a two-headed ogre
  9945 | D:10     | Noticed a two-headed ogre
  9949 | D:10     | Killed a two-headed ogre
 10169 | D:10     | Reached XP level 11. HP: 82/99 MP: 14/14
 10176 | D:10     | Reached skill level 13 in Axes
 10869 | Lair:1   | Entered Level 1 of the Lair of Beasts
 10917 | Lair:1   | Reached skill level 10 in Armour
 11107 | Lair:1   | Reached skill level 10 in Fighting
 11136 | Lair:1   | Noticed a seven-headed hydra
 11146 | Lair:1   | Killed a two-headed hydra
 11297 | Lair:1   | Noticed a five-headed hydra
 11305 | Lair:1   | Killed a one-headed hydra
 11990 | Lair:2   | Reached skill level 14 in Axes
 12120 | Lair:2   | Noticed a four-headed hydra
 12125 | Lair:2   | Killed a two-headed hydra
 12139 | Lair:2   | Noticed a five-headed hydra
 13500 | D:11     | Reached *** piety under Qazlal
 13744 | D:11     | Found a staircase to the Orcish Mines.
 13797 | D:11     | Reached XP level 12. HP: 92/110 MP: 16/16
 13894 | D:11     | Noticed Lodul
 13902 | D:11     | Killed Lodul
 13903 | D:11     | Reached skill level 15 in Axes
 14270 | D:11     | You fall into a shaft and drop 2 floors!
 14368 | D:13     | Noticed an eight-headed hydra
 14376 | D:13     | Killed a two-headed hydra
 14510 | D:13     | Noticed a centaur warrior
 14515 | D:13     | Noticed a five-headed hydra
 14516 | D:13     | Killed a centaur warrior
 14523 | D:13     | Killed a two-headed hydra
 14546 | D:13     | Noticed a centaur warrior
 14551 | D:13     | Killed a centaur warrior
 14722 | D:13     | Reached **** piety under Qazlal
 14916 | D:12     | Reached skill level 16 in Axes
 15031 | D:12     | Noticed a six-headed hydra
 15036 | D:12     | Killed a three-headed hydra
 16827 | Lair:3   | Reached XP level 13. HP: 117/118 MP: 18/18
 16971 | Lair:3   | Reached skill level 5 in Shields
 16971 | Lair:3   | Reached ***** piety under Qazlal
 17274 | Lair:3   | Found a hole to the Spider Nest.
 17680 | Lair:3   | Found a staircase to the Shoals.
 18057 | Lair:4   | You fall into a shaft and drop 1 floor!
 18057 | Lair:5   | Entered Level 5 of the Lair of Beasts
 18076 | Lair:4   | Reached skill level 17 in Axes
 18446 | Lair:4   | Found a runed translucent gate.
 18446 | Lair:4   | Found a runed translucent gate.
 18447 | Lair:4   | Found a runed translucent gate.
 18451 | Lair:4   | Noticed Ikikoito's ghost (journeyman TrFi)
 18451 | Lair:4   | Noticed Ozyhouw's ghost (journeyman GrEE)
 18600 | Lair:4   | Found a staircase to the Slime Pits.
 19105 | Lair:5   | Noticed Nessos
 19112 | Lair:5   | Killed Nessos
 19925 | Lair:5   | Reached skill level 18 in Axes
 19958 | Lair:5   | Reached XP level 14. HP: 107/129 MP: 20/20
 20045 | Lair:5   | Reached skill level 10 in Invocations
 21945 | D:13     | Found a runed translucent door.
 22095 | D:14     | Noticed Snorg
 22105 | D:14     | Killed Snorg
 22847 | D:14     | Found a gate to the Vaults.
 23249 | D:14     | Identified the ring "Feemmon" {rCorr Slay+2}
 23546 | D:15     | Entered Level 15 of the Dungeon
 23579 | D:15     | Noticed Agnes
 23583 | D:15     | Killed Agnes
 23614 | D:15     | Found an opulent altar of Gozag.
 24056 | D:15     | Reached skill level 10 in Shields
 24082 | D:15     | Reached skill level 15 in Armour
 24082 | D:15     | Reached XP level 15. HP: 124/139 MP: 22/22
 24307 | D:15     | Reached skill level 15 in Fighting
 24307 | D:15     | Reached skill level 1 in Dodging
 24328 | D:15     | Reached ****** piety under Qazlal
 24452 | D:15     | Found a staircase to the Depths.
 24566 | D:15     | Found a shimmering altar of Xom.
 24568 | D:15     | Found a shimmering altar of Xom.
 24570 | D:15     | Found a shimmering altar of Xom.
 24570 | D:15     | Found a shimmering altar of Xom.
 24570 | D:15     | Found a shimmering altar of Xom.
 24570 | D:15     | Found a shimmering altar of Xom.
 24570 | D:15     | Found a shimmering altar of Xom.
 24570 | D:15     | Found a shimmering altar of Xom.
 24767 | Orc:1    | Entered Level 1 of the Orcish Mines
 24780 | Orc:1    | Paralysed by an orc sorcerer for 2 turns
 24893 | Orc:1    | Found Mybliur's General Store.
 24910 | Orc:1    | Bought a potion of haste for 120 gold pieces
 25112 | Orc:2    | Entered Level 2 of the Orcish Mines
 25442 | Orc:2    | Found a frozen archway.
 25444 | Orc:2    | Found a staircase to the Elven Halls.
 25456 | IceCv    | Entered an ice cave
 26408 | Orc:2    | Noticed Rupert
 26426 | Orc:2    | Killed Rupert
 26727 | Orc:2    | Noticed an orc warlord
 26741 | Orc:2    | Killed an orc warlord
 26991 | Orc:2    | Found Vehaoje's Antique Weapon Boutique.
 26991 | Orc:2    | Found Acruv's Distillery.
 27172 | Orc:2    | Found Hyfetep's Antique Armour Boutique.
 27172 | Orc:2    | Found Jecs's Assorted Antiques.
 27187 | Orc:2    | Bought a tourmaline ring for 90 gold pieces
 27198 | Orc:2    | Bought a shiny plate armour for 624 gold pieces
 27356 | Orc:1    | Found Mixyick's General Store.
 27694 | Spider:1 | Entered Level 1 of the Spider Nest
 28170 | Lair:3   | HP: 5/143 [radroach (11)]
 28171 | Lair:3   | Demolished by a radroach

Illustrated notes

Levels and vault maps discovered:
D:1:      scummos_arrival_star, layout_basic, shapermc_ecumenical_altar_ellora
D:2:      layout_loops_corners, nicolae_hexahallways, minmay_splitting_lines,
          hangedman_decor_push
D:3:      layout_basic, serial_shops, shop, minmay_strange_pillars,
          glass_columns_c, uniq_natasha
D:4:      layout_basic
D:5:      layout_gridville, nicolae_hepliaklqana_hazy_memory,
          portal_sewer_entry_d, uniq_edmund
D:6:      layout_gridville, minmay_temple_entry_stoned_glass, moated_statue
D:7:      layout_cave_pools, lemuel_blue_sif_altar,
          nicolae_ossuary_entry_catacombs, minmay_misc_feat_plants,
          corner_web_ring
D:8:      layout_loops_ring
D:9:      layout_gridville, nicolae_dithmenos_shadow_blocks,
          cheibrodos_ashenzari_chains, lair_entry_dummy, serial_rivers,
          chequers_serial_rivers_micro_e, chequers_serial_rivers_small_b,
          chequers_serial_rivers_micro_c, chequers_serial_rivers_small_a,
          chequers_serial_rivers_marsh, chequers_serial_rivers_room_b
D:10:     layout_basic
D:11:     layout_loops_ring, orc_0_dummy, uniq_lodul
D:12:     layout_loops_corners, special_room [special_room_bee]
D:13:     layout_stronghold, fungi_pond_lemuel, kennysheep_treasure_room
D:14:     layout_roguey, erik_vaults_1, hellmonk_bongcloud_opening, uniq_snorg
D:15:     gammafunk_enter_depths_forms, layout_irregular_city,
          nicolae_gozag_cash_rules_everything_around_me, xom_shifter_show,
          uniq_agnes
Temple:   mainiacjoe_temple_coin_purse
Lair:1:   layout_regular_city, grunt_megastairs_5, lemuel_fruit_tree,
          infiniplex_staircase_pool_2
Lair:2:   layout_regular_city
Lair:3:   layout_regular_city, minmay_shoals_entry_hut, spider_nest_entry_rubble
Lair:4:   layout_cave_pods, dpeg_slime_entry_enclosed, gammafunk_ghost_cemetery
Lair:5:   hangedman_lair_in_review, layout_layer_cave, uniq_nessos
Spider:1: nicolae_spider_corner, gammafunk_ghost_mausoleum,
          hangedman_spider_tarantella_strand
Orc:1:    layout_caves, serial_shops, shop, nicolae_diamond_shop
Orc:2:    st_orc_town, layout_caves, portal_ice_cave_entry_pillars_1,
          uniq_rupert

Skill      XL: |  1  2  3  4  5  6  7  8  9 10 11 12 13 14 15 |
---------------+----------------------------------------------+-----
Axes           | 3 4 5 6 7 9 11 12 14 16 18 | 18.0
Armour         | 4 5 6 7 8 9 11 12 13 15 | 15.9
Fighting       | 4 5 6 7 8 9 11 12 13 14 15 | 15.8
Evocations     | 1 2 3 4 |  4.1
Invocations    | 2 4 5 7 8 9 11 12 | 12.3
Shields        | 4 7 10 11 | 11.6
Dodging        | 4 |  4.9

Action                   |  1- 3 |  4- 6 |  7- 9 | 10-12 | 13-15 || total
-------------------------+-------+-------+-------+-------+-------++-------
Melee: War axe           |    91 |   119 |    54 |       |       ||   264
       Headbutt          |    19 |    14 |    61 |    79 |   220 ||   393
       Broad axe         |       |       |   267 |   408 |   850 ||  1525
Invok: Upheaval          |       |       |     3 |     3 |     3 ||     9
       Disaster Area     |       |       |       |       |     3 ||     3
Evoke: Wand              |       |       |       |     5 |     1 ||     6
  Use: Scroll            |       |     9 |    13 |     7 |     7 ||    36
       Potion            |       |       |     1 |     6 |     4 ||    11
 Stab: Petrifying        |       |       |       |       |     1 ||     1
Armor: Scale mail        |    48 |    24 |    16 |       |       ||    88
       Chain mail        |       |       |    64 |    11 |       ||    75
       Plate armour      |       |       |       |   112 |   261 ||   373
Dodge: Dodged            |    34 |    78 |   158 |   189 |   165 ||   624
       Repelled          |       |       |       |       |     5 ||     5
Block: Buckler           |    15 |    15 |   157 |   304 |   534 ||  1025
       Reflection        |       |       |     7 |    12 |    30 ||    49
       Kite shield       |       |       |       |       |   159 ||   159

Table legend: (Time is in decaauts)
 A = Elapsed time spent in this place.
 B = Non-inter-level travel time spent in this place.
 C = Inter-level travel time spent in this place.
 D = Time resting spent in this place.
 E = Time spent auto-exploring this place.
 F = Levels seen in this place.
 G = Mean time per level.
                   A        B        C        D        E       F      G
               +--------+--------+--------+--------+--------+-----+--------+
         Total |  28142 |  26293 |   1849 |   3711 |  18585 |  27 | 1042.3 |
       Dungeon |  17050 |  15739 |   1311 |   1592 |  11854 |  15 | 1136.7 |
        Temple |    125 |     91 |     34 |      0 |     74 |   1 |  125.0 |
          Lair |   7469 |   7034 |    435 |   1419 |   4850 |   5 | 1493.8 |
   Spider Nest |     62 |     62 |      0 |      4 |      0 |   1 |   62.0 |
  Orcish Mines |   1993 |   1926 |     67 |    284 |   1325 |   2 |  996.5 |
         Sewer |    464 |    464 |      0 |    192 |     13 |   1 |  464.0 |
       Ossuary |    243 |    243 |      0 |      0 |    153 |   1 |  243.0 |
      Ice Cave |    732 |    732 |      0 |    220 |    315 |   1 |  732.0 |
               +--------+--------+--------+--------+--------+-----+--------+

Top non-repeatable levels by time:
  Lair:5: 2028 daAuts
    D:10: 1693 daAuts
    D:12: 1645 daAuts
  Lair:1: 1629 daAuts
  Lair:3: 1622 daAuts
    D:13: 1543 daAuts
     D:9: 1360 daAuts
     D:4: 1241 daAuts
    D:11: 1236 daAuts
   Orc:2: 1217 daAuts
     D:1: 1158 daAuts
  Lair:2: 1121 daAuts
    D:15: 1111 daAuts
  Lair:4: 1067 daAuts
     D:2: 1061 daAuts
